AoeStats
← juangutierrezortega

Arabia

510155312Analyzed
2v2 RM · 3d ago on Sep 29, 2026· 56m 6s· 4 players
Game mode
Random Map
Map size
Medium (4 player)
Population
200
Speed
Normal
Resources
Standard
Victory
Conquest
Starting age
Dark Age
Ending age
Imperial Age
RankedLock teamsTeams togetherTeam positionsShared explorationLock speedFull tech treeHidden civsTurbo modeCheats
Victory
Defeat
🇪🇸 Inca · Spain
1144
+9
🇪🇸 Teutons · Spain
867
+21
🇦🇷 Cumans · Argentina
987
-15
🇦🇷 Vikings · Argentina
974
-15
el_rey_de_los_mancos
1:43 Loom
10:35 Feudal Age
11:18 Double-Bit Axe
18:03 Horse Collar
20:18 Forging
25:12 Castle Age
24:07 Gold Mining
24:08 Stone Mining
25:06 Wheelbarrow
25:22 Scale Barding Armor
25:18 Scale Mail Armor
26:02 Bloodlines
25:35 Pikeman
26:41 Bow Saw
28:19 Heavy Plow
33:32 Chain Barding Armor
33:49 Iron Casting
34:04 Crossbowman
36:02 Chain Mail Armor
41:51 Imperial Age
42:31 Gold Shaft Mining
43:35 Cavalier
45:50 Blast Furnace
45:28 Plate Barding Armor
46:50 Capped Ram
46:55 Capped Ram
48:42 Murder Holes
49:23 Hand Cart
49:43 Plate Mail Armor
50:37 Paladin
Tincho fuenza
10:19 Feudal Age
11:34 Loom
13:10 Horse Collar
14:56 Man-at-Arms
16:42 Town Watch
16:53 Gold Mining
17:06 Scale Mail Armor
19:25 Forging
23:40 Castle Age
24:23 Long Swordsman
26:04 Fletching
34:37 Town Patrol
35:14 Iron Casting
34:43 Heavy Plow
35:52 Bodkin Arrow
35:56 Crossbowman
37:59 Padded Archer Armor
44:12 Imperial Age
42:13 Leather Archer Armor
45:10 Arbalester
46:54 Bracer
juangutierrezortega
10:27 Feudal Age
8:43 Loom
11:39 Double-Bit Axe
14:31 Wheelbarrow
14:15 Bloodlines
15:48 Forging
19:05 Scale Barding Armor
20:42 Horse Collar
24:07 Castle Age
24:11 Gold Mining
24:14 Stone Mining
24:21 Fletching
25:29 Iron Casting
25:16 Chain Barding Armor
26:16 Bow Saw
26:16 Heavy Plow
26:39 Man-at-Arms
27:29 Long Swordsman
28:24 Squires
28:26 Scale Mail Armor
31:21 Chain Mail Armor
35:33 Bodkin Arrow
37:34 Pikeman
43:31 Stone Shaft Mining
52:08 Imperial Age
50:32 Padded Archer Armor
52:27 Gambesons
54:56 Crenellations
54:38 Elite Teutonic Knight
56:03 Hoardings
mcriano22
9:44 Feudal Age
8:00 Loom
14:27 Castle Age
13:42 Double-Bit Axe
17:37 Fletching
20:40 Town Watch
26:54 Wheelbarrow
27:51 Bodkin Arrow
28:29 Murder Holes
29:00 Horse Collar
29:35 Bow Saw
30:17 Scale Mail Armor
31:35 Chain Mail Armor
31:31 Forging
31:47 Squires
33:37 Gold Mining
34:37 Heavy Plow
35:14 Stone Mining
36:03 Gold Shaft Mining
37:10 Stone Shaft Mining
37:43 Hand Cart
38:17 Iron Casting
38:00 Town Patrol
39:17 Coinage
42:08 Imperial Age
40:15 Ballistics
39:36 Treadmill Crane
40:07 Masonry
39:48 Guard Tower
41:36 Padded Archer Armor
41:31 Arson
41:06 Champi Runner
43:20 Crop Rotation
43:23 Plate Mail Armor
42:19 Capped Ram
43:24 Siege Ram
43:35 Champi Warrior
45:33 Blast Furnace
44:00 Pikeman
46:10 Chemistry
44:56 Arrowslits
44:47 Elite Champi Warrior
46:36 Halberdier
47:21 Bracer
47:37 Leather Archer Armor
50:02 Keep
50:32 Conscription
49:47 Sappers
50:53 Hoardings
49:41 Elite Kamayuk
51:15 Banking
52:37 Ring Archer Armor
52:16 Siege Engineers
Connection lost

Rejoining the realm…

Still unreachable

The connection could not be restored.

Session expired

The server has moved on; the page needs a fresh start.